 Dungeon Crawl Stone Soup version 0.27-a0-1006-g1fd4cec11e (webtiles) character file.

Game seed: 16776210150522499468

121 siradein the Skirmisher (level 4, -2/38 HPs)
             Began as a Demonspawn Fighter on Apr 17, 2021.
             Killed by divine providence
             ... invoked by an orc priest
              (11 damage)
             ... on level 2 of the Dungeon.
             The game lasted 00:04:35 (1854 turns).

siradein the Skirmisher (Demonspawn Fighter)        Turns: 1854, Time: 00:04:36

Health: -2/38      AC:  7    Str: 16    XL:     4   Next: 77%
Magic:  4/4        EV:  6    Int: 10    God:
Gold:   44         SH:  8    Dex: 13    Spells: 3/3 levels left

rFire    . . .     SeeInvis .   a - +0 long sword
rCold    . . .     Faith    .   c - +0 kite shield
rNeg     . . .     Spirit   .   b - +0 scale mail
rPois    .         Reflect  .   (no helmet)
rElec    .         Harm     .   (no cloak)
rCorr    .         Rampage  .   e - +0 pair of gloves
Will     .....                  (no boots)
Stlth    ..........             (no amulet)
HPRegen  0.12/turn              (no ring)
MPRegen  0.09/turn              (no ring)

@: mighty
A: claws 2, hooves 1
a: no special abilities


You were on level 2 of the Dungeon.
You visited 1 branch of the dungeon, and saw 2 of its levels.

You collected 44 gold pieces.

Inventory:

Hand Weapons
 a - a +0 long sword (weapon)
Armour
 b - a +0 scale mail (worn)
 c - a +0 kite shield (worn)
 e - a +0 pair of gloves (worn)
Scrolls
 f - a scroll of amnesia {unknown}
 h - a scroll of blinking {unknown}
Potions
 g - a potion of mutation {unknown}
 i - a potion of cancellation {unknown}
 j - a potion of curing {unknown}


   Skills:
 + Level 4.4 Fighting
 + Level 3.4 Long Blades
 - Level 2.6 Armour
 - Level 2.6 Shields


You had 3 spell levels left.
You didn't know any spells.
Your spell library contained the following spells:

 Spells                   Type           Power      Damage    Failure   Level
 Animate Skeleton         Necr           0%         N/A       100%        1
 Beastly Appendage        Tmut           0%         N/A       100%        1
 Pain                     Necr           0%         1d4       100%        1
 Wereblood                Tmut           0%         N/A       100%        2
 Spider Form              Tmut/Pois      0%         N/A       100%        3
 Vampiric Draining        Necr           0%         2d6       100%        3
 Animate Dead             Necr           0%         N/A       100%        4
 Ice Form                 Ice/Tmut       0%         N/A       100%        4
 Agony                    Necr           0%         N/A       100%        5
 Hydra Form               Tmut           0%         N/A       100%        5


Dungeon Overview and Level Annotations

Branches:
Dungeon (2/15)

Altars:

Shops:
D:1 !   D:2 :


Innate Abilities, Weirdness & Mutations

You have very sharp fingernails.
You have large cloven feet.


Message History

The orc priest is severely wounded.
The orc priest miscasts a cantrip.
The orc priest calls upon Beogh to heal the orc priest.
The orc priest is healed somewhat.
The orc priest hits you but does no damage.
You slash the orc priest!
The orc priest is almost dead.
The orc priest hits you with a +0 hand axe.
The orc priest barely misses you.
The orc priest mumbles some strange prayers to Beogh against you.
Beogh smites you! You block the orc priest's attack.
You closely miss the orc priest. You kick the orc priest.
You kill the orc priest!
You block the orc priest's attack.
You barely miss the orc priest.
The orc priest hits you but does no damage.
The orc priest looks braver for a moment.
Unknown command.
The orc priest mumbles some strange prayers to Beogh against you.
Beogh smites you!
* * * LOW HITPOINT WARNING * * *
Things that are here:
a +0 short sword; a scroll labelled BEFFAA ADWEIT; an orc corpse You feel very mighty all of a sudden.
The orc hits you but does no damage.
You closely miss the orc. The orc hits you with a +0 short sword.
* * * LOW HITPOINT WARNING * * *
Unknown command.
Your shield prevents you from hitting the orc.
You block the orc's attack. x2
You slash the orc!
You kill the orc!
You miss the kobold. Your kick misses the kobold.
The kobold hits you but does no damage. You block the kobold's attack.
You closely miss the kobold. You kick the kobold.
You kill the kobold!
You closely miss the orc priest. Your kick misses the orc priest.
The orc priest invokes the aid of Beogh against you.
Beogh smites you!
You die...

.........#. .............. ...
#.##....##.#..##..
#.##..............
####.##..............
#....##.#...#.....#..
..####...)...o............
......#.#o##.#............
...##...o@#### .........<. .
###.#.# #####.##.. #.#.#
#####.##.. #.#.# .......... #.#.#
#.###.#... #.#.#####...........
##..............[.... ###########
#............##..#.#.
.......†..###..#.###.........#.#.


You could see 2 orc priests.

Vanquished Creatures
  2 orc priests (D:2)
  An adder (D:2)
  5 orcs (D:2)
  4 bats
  4 endoplasms
  2 giant cockroaches
  A goblin (D:1)
  6 hobgoblins
  6 jackals (D:1)
  3 quokkas (D:1)
  2 ball pythons (D:1)
  4 frilled lizards
  2 kobolds (D:2)
  2 rats
44 creatures vanquished.

Notes
Turn   | Place    | Note
-------+----------+-------------------------------------------
     0 | D:1      | siradein the Demonspawn Fighter began the quest for the
                  | Orb.
     0 | D:1      | Reached XP level 1. HP: 18/18 MP: 1/1
   166 | D:1      | Gained mutation: You have sharp fingernails. [demonic
                  | ancestry]
   166 | D:1      | Reached XP level 2. HP: 24/24 MP: 2/2
   553 | D:1      | Found Kuazioja's Distillery.
   634 | D:1      | Gained mutation: You have large cloven feet. [demonic
                  | ancestry]
   634 | D:1      | Reached XP level 3. HP: 19/29 MP: 3/3
  1287 | D:2      | Found Oczircharho's Book Emporium.
  1330 | D:2      | Reached skill level 4 in Fighting
  1330 | D:2      | Gained mutation: You have very sharp fingernails. [demonic
                  | ancestry]
  1330 | D:2      | Reached XP level 4. HP: 32/37 MP: 4/4
  1854 | D:2      | Killed from afar by an orc priest

Illustrated notes

Levels and vault maps discovered:
D:1:      dpeg_arrival_simpleton_c, layout_loops_ring, serial_shops, shop
D:2:      cheibrodos_pilgrimage, layout_basic,
          hellmonk_ecumenical_altar_leap_of_faith, serial_shops,
          nicolae_shop_trees, minmay_crystal_room, chequers_jeans,
          uniq_crazy_yiuf_cottage

Skill      XL: |  1  2  3 |
---------------+----------+-----
Long Blades    | 2 3 |  3.4
Fighting       | 4 |  4.4
Armour         | |  2.6
Shields        | |  2.6

Action                   |  1- 3 |  4- 6 || total
-------------------------+-------+-------++-------
Melee: Long sword        |   113 |    25 ||   138
       Kick              |    10 |     8 ||    18
  Use: Potion            |       |     1 ||     1
Armor: Scale mail        |    53 |    10 ||    63
Dodge: Dodged            |    31 |     4 ||    35
Block: Kite shield       |    62 |    10 ||    72
       Rpst.: Long sword |     7 |       ||     7

Table legend: (Time is in decaauts)
 A = Elapsed time spent in this place.
 B = Non-inter-level travel time spent in this place.
 C = Inter-level travel time spent in this place.
 D = Time resting spent in this place.
 E = Time spent auto-exploring this place.
 F = Levels seen in this place.
 G = Mean time per level.
                   A        B        C        D        E       F      G
               +--------+--------+--------+--------+--------+-----+--------+
         Total |   1924 |   1901 |     23 |    210 |   1336 |   2 |  962.0 |
       Dungeon |   1924 |   1901 |     23 |    210 |   1336 |   2 |  962.0 |
               +--------+--------+--------+--------+--------+-----+--------+

Top non-repeatable levels by time:
     D:2: 981 daAuts
     D:1: 942 daAuts
